 Dungeon Crawl Stone Soup version 0.15-a0-462-gf669498 (webtiles) character file.

784 Infinimo the Basher (level 7, -11/57 HPs)
             Began as a Minotaur Fighter on May 7, 2014.
             Mangled by a troll (12 damage)
             ... on Level 5 of the Dungeon.
             The game lasted 00:08:01 (3493 turns).

Infinimo the Basher (Minotaur Fighter)              Turns: 3493, Time: 00:08:01

HP -11/57        AC  1     Str 18      XL: 7   Next: 31%
MP   3/3         EV  9     Int  7      God:
Gold 120         SH 20     Dex 10      Spells:  0 memorised,  6 levels left

rFire  . . .     SeeInvis .     a - +1 flail
rCold  . . .     Clarity  .     q - +0 robe (curse)
rNeg   . . .     Conserve .     c - +0 shield
rPois  .         rCorr    .     (helmet restricted)
rElec  .         rRot     .     (no cloak)
SustAb . .       Spirit   .     (no gloves)
rMut   .         Warding  .     (no boots)
Saprov . . .     Stasis   .     (no amulet)
MR     .....                    (no ring)
                                (no ring)

@: not resistant to hostile enchantments, very unstealthy
A: retaliatory headbutt, horns 2, deformed body, herbivore 1, weak 1
a: no special abilities


You were on level 5 of the Dungeon.
You were not hungry.

You visited 1 branch of the dungeon, and saw 5 of its levels.

You collected 120 gold pieces.

Inventory:

Hand weapons
 a - a +1,+1 flail (weapon)
Armour
 c - a +0 shield (worn)
 q - a cursed +0 robe (worn)
Comestibles
 d - 3 bread rations
 j - a pear
 n - a meat ration
 p - a rotting chunk of adder flesh
Scrolls
 f - 4 scrolls of teleportation
 g - a scroll of immolation
 h - 2 scrolls of identify
 m - 3 scrolls of remove curse
 t - 2 scrolls of noise {unknown}
Jewellery
 o - an uncursed ring of poison resistance {unknown}
 r - an uncursed amulet of faith {unknown}
Potions
 b - a potion of restore abilities {unknown}
 e - a potion of might
 i - 2 potions of heal wounds
 k - 5 potions of curing
 l - a potion of resistance
 s - 2 potions of cure mutation {unknown}


   Skills:
 - Level 3.6 Fighting
 * Level 8.0 Maces & Flails
 - Level 4.1 Armour
 + Level 6.4 Shields


You had 6 spell levels left.
You didn't know any spells.

Dungeon Overview and Level Annotations

Branches:
Dungeon (5/15)
 Temple: D:4-7

Altars:
Dithmenos
Fedhas
Nemelex Xobeh


Innate Abilities, Weirdness & Mutations

You reflexively headbutt those who attack you in melee.
You have a pair of horns on your head.
Armour fits poorly on your strangely shaped body.
You digest meat inefficiently.
You are weak. (Str -2)


Message History

The troll is lightly wounded.
You block the troll's attack. The troll claws you.
You block the troll's attack.
The troll is moderately wounded.
You block the troll's attack. x2
The troll claws you!
The troll is moderately wounded.
The troll bites you.
You sock the troll!
The troll is heavily wounded.
The troll bites you! The troll claws you! The troll claws you!
* * * LOW HITPOINT WARNING * * *
You are too injured to fight recklessly!
You are too injured to fight recklessly!
You are too injured to fight recklessly!
The troll is heavily wounded.
You furiously retaliate!
You headbutt the troll! The troll claws you!
* * * LOW HITPOINT WARNING * * *
The troll claws you!
You die...

.......... .#.........
..........# #.
##..........#
...###....#.#.#....
#...............# .
#.....#.#.#.#
.....####...........##..
......$T@..#..#.#.#.....
.....#####.##........##.
. #.###.......#
#.....###...#
#####..#..### #.#
##(..## #.# ##.## #.#
#.# #.# ##.# #


You could see a troll.

Vanquished Creatures
  A phantom (D:4)
  2 ogres (D:4)
  Dowan (D:4)
  An iguana (D:5)
  4 orc wizards
  A worker ant (D:4)
  Jessica (D:3)
  6 adders
  2 giant mites (D:2)
  4 giant geckos
  2 oozes (D:1)
  7 orcs
  A ball python (D:4)
  10 bats
  7 giant cockroaches
  9 hobgoblins
  7 jackals (D:2)
  5 kobolds
  A quokka (D:5)
  3 giant newts
  8 goblins
  7 rats
90 creatures vanquished.

Vanquished Creatures (others)
  Duvessa (D:4)
1 creature vanquished.

Grand Total: 91 creatures vanquished

Notes
Turn   | Place    | Note
--------------------------------------------------------------
     0 | D:1      | Infinimo, the Minotaur Fighter, began the quest for the Orb.
     0 | D:1      | Reached XP level 1. HP: 19/19 MP: 1/1
    82 | D:1      | Reached skill level 4 in Armour
    94 | D:1      | Reached XP level 2. HP: 26/26 MP: 1/1
   506 | D:2      | Reached XP level 3. HP: 28/31 MP: 2/2
   775 | D:2      | Reached XP level 4. HP: 39/39 MP: 2/2
   827 | D:2      | Found a blossoming altar of Fedhas.
  1371 | D:3      | Noticed Jessica
  1379 | D:3      | Killed Jessica
  1523 | D:3      | Reached skill level 5 in Maces & Flails
  2032 | D:4      | Reached XP level 5. HP: 42/45 MP: 2/2
  2048 | D:3      | Reached skill level 5 in Shields
  2274 | D:4      | Noticed Duvessa
  2274 | D:4      | Noticed Dowan
  2282 | D:4      | Found a sparkling altar of Nemelex Xobeh.
  2315 | D:4      | Killed Duvessa
  2315 | D:4      | Reached skill level 6 in Maces & Flails
  2315 | D:4      | Reached XP level 6. HP: 31/51 MP: 3/3
  2316 | D:4      | Killed Dowan
  2497 | D:4      | Found a shadowy altar of Dithmenos.
  2534 | D:4      | Noticed an ogre
  2540 | D:4      | Killed an ogre
  2548 | D:4      | Reached skill level 7 in Maces & Flails
  2705 | D:4      | Gained mutation: You digest meat inefficiently. [potion of mutation]
  2705 | D:4      | Gained mutation: You are weak. (Str -2) [potion of mutation]
  2705 | D:4      | Gained mutation: Armour fits poorly on your strangely shaped body. [potion of mutation]
  2714 | D:4      | Noticed a phantom
  2732 | D:4      | Killed a phantom
  2732 | D:4      | Reached XP level 7. HP: 35/57 MP: 3/3
  3234 | D:5      | Entered Level 5 of the Dungeon
  3374 | D:5      | Reached skill level 8 in Maces & Flails
  3485 | D:5      | Noticed a troll
  3493 | D:5      | HP: 1/57 [troll (8)]
  3493 | D:5      | Mangled by a troll

Action                   |  1- 3 |  4- 6 |  7- 9 || total
-------------------------+-------+-------+-------++-------
Melee: Flail             |    84 |   127 |    32 ||   243
  Use: Scroll            |       |    10 |       ||    10
       Potion            |       |     3 |       ||     3
